 Dungeon Crawl Stone Soup version 0.27.1-35-g4d5d836560 (console) character file.

Game seed: 8207757017163046811

9978 grimtooth the Basher (level 11, -13/69 HPs)
             Began as a Gargoyle Gladiator on Aug 9, 2022.
             Was a Believer of Makhleb.
             Mangled by a white ugly thing (32 damage)
             ... in a Gauntlet.
             The game lasted 01:23:08 (13195 turns).

grimtooth the Basher (Gargoyle Gladiator)          Turns: 13195, Time: 01:23:08

Health: -13/69     AC: 24    Str: 18    XL:     11   Next: 54%
Magic:  0/11       EV: 12    Int: 12    God:    Makhleb [**....]
Gold:   208        SH:  0    Dex: 11    Spells: 10/10 levels left

rFire    . . .     SeeInvis .   a - +2 whip (freeze)
rCold    . . .     Faith    .   (no shield)
rNeg     + + .     Spirit   +   E - +0 steam dragon scales
rPois    ∞         Reflect  .   Y - +2 hat of the Bear Spirit {Spirit, +Rage rN+ Will++}
rElec    +         Harm     .   N - +0 cloak
rCorr    .         Rampage  .   f - +0 pair of gloves
Will     ++...     NoTele   +   V - +0 pair of boots
Stlth    +++.......             (no amulet)
HPRegen  0.21/turn              u - ring of flight
MPRegen  0.12/turn              S - +4 ring of protection

@: flying, very slightly contaminated, invisible
A: sickness immunity, AC +8, negative energy resistance 1, electricity
resistance, torment resistance 1, petrification resistance
a: Renounce Religion, Evoke Berserk Rage, Minor Destruction


You were in a Gauntlet.
You worshipped Makhleb.
Makhleb was pleased with you.
You visited 2 branches of the dungeon, and saw 12 of its levels.
You also visited: Sewer and Gauntlet.

You collected 608 gold pieces.
You spent 400 gold pieces at shops.

Inventory:

Hand Weapons
 a - a +2 whip of freezing (weapon)
 b - a +0 whip of flaming
 I - a +0 dagger of electrocution
Missiles
 g - 268 stones
 l - 6 throwing nets {=f}
 o - 136 arrows
 q - 88 poisoned darts
 r - 7 boomerangs
 t - 8 curare-tipped darts (quivered)
 v - 4 javelins
 A - 4 boomerangs of dispersal
 Q - 42 sling bullets
 U - 7 atropa-tipped darts
Armour
 f - a +0 pair of gloves (worn)
 E - +0 steam dragon scales (worn)
 H - a +0 robe of willpower
 M - a scarf of resistance
 N - a +0 cloak (worn)
 V - a +0 pair of boots (worn)
 Y - the +2 hat of the Bear Spirit (worn) {Spirit, +Rage rN+ Will++}
   (You found it in a Gauntlet)

   rN:        It protects you from negative energy.
   +Rage:     It lets you go berserk.
   Will:      It greatly increases your willpower.
Jewellery
 u - a ring of flight (left hand)
 C - a ring of wizardry
 F - a +6 ring of strength
 S - a +4 ring of protection (right hand)
Wands
 x - a wand of iceblast (4)
 R - a wand of digging (10)
 T - a wand of polymorph (5)
Scrolls
 h - 3 scrolls of enchant armour
 i - 5 scrolls of teleportation {unknown}
 j - a scroll of enchant weapon {unknown}
 m - a scroll of acquirement
 n - a scroll of magic mapping
 p - 2 scrolls of vulnerability
 s - a scroll of blinking {unknown}
 w - 2 scrolls of fear
 y - 2 scrolls of silence {unknown}
 z - a scroll of brand weapon
 B - a scroll of summoning
 K - a scroll of immolation
 O - 5 scrolls of fog
 X - a scroll of torment {unknown}
Potions
 d - a potion of brilliance
 e - 3 potions of mutation
 k - 3 potions of invisibility
 D - 4 potions of attraction
 G - a potion of flight
 J - a potion of ambrosia
 L - a potion of magic
 P - 2 potions of lignification
 W - a potion of haste
 Z - a potion of resistance {unknown}


   Skills:
 + Level 8.5 Fighting
 - Level 12.0 Maces & Flails
 - Level 6.0 Throwing
 + Level 8.2 Armour
 - Level 2.4 Dodging
 - Level 6.0 Stealth
 * Level 1.2 Invocations


You had 10 spell levels left.
You didn't know any spells.
Your spell library contained the following spells:

 Spells                   Type           Power      Damage    Failure   Level
 Magic Dart               Conj           0%         1d3       32%         1
 Sting                    Tmut/Pois      0%         1d3       32%         1
 Poisonous Vapours        Pois/Air       0%         N/A       45%         2
 Searing Ray              Conj           0%         3d3       45%         2
 Call Canine Familiar     Summ           0%         N/A       69%         3
 Dazzling Flash           Conj/Hex       0%         N/A       69%         3
 Gell's Gravitas          Tloc           0%         N/A       69%         3
 Lesser Beckoning         Tloc           0%         N/A       69%         3
 Portal Projectile        Hex/Tloc       0%         N/A       69%         3
 Teleport Other           Tloc           0%         N/A       69%         3
 Fulminant Prism          Conj/Hex       0%         3d6       97%         4
 Leda's Liquefaction      Hex/Erth       0%         N/A       97%         4
 Olgreb's Toxic Radiance  Pois           0%         N/A       97%         4
 Petrify                  Tmut/Erth      0%         N/A       97%         4
 Agony                    Necr           0%         N/A       100%        5
 Irradiate                Conj/Tmut      0%         3d14      100%        5
 Iskenderun's Battlesphe  Conj           0%         2d6       100%        5
 Silence                  Hex/Air        0%         N/A       100%        5
 Dispersal                Tloc           0%         N/A       100%        6
 Iron Shot                Conj/Erth      0%         9d1       100%        6
 Spellforged Servitor     Conj/Summ      0%         N/A       100%        7
 Sublimation of Blood     Necr           Unusable   N/A       N/A         2

Dungeon Overview and Level Annotations

Branches:
Dungeon (11/15)            Temple (1/1) D:6            Lair (0/6) D:11
  Sewer (visited)         Gauntlet (1/1)
    Orc: D:9-12

Altars:
Ashenzari
Cheibriados
Dithmenos
Elyvilon
Fedhas
Gozag
Hepliaklqana
Kikubaaqudgha
Makhleb
Nemelex Xobeh
Okawaru
Qazlal
Ru
Sif Muna
Trog
Uskayaw
Vehumet
Wu Jian
Xom
Yredelemnul
Zin
The Shining One
Lugonu

Shops:
D:4 !*   D:5 [?*(   D:8 (

Portals:
Ice
Cave: D:11

Annotations:
D:3 1 runed translucent door, fishdoom's ghost, weakling DsFE
D:9 4 runed translucent doors Gauntlet 6 transporters


Innate Abilities, Weirdness & Mutations

You are immune to sickness and miasma.
Your stone body is resilient. (AC +8)
You are immune to poison.
You resist negative energy. (rN+)
You are resistant to electric shocks. (rElec)
You are resistant to unholy torment.
You are immune to petrification.


Message History

Aim: a glowing orange brain (lightly wounded, slow, 84% to hit)
Okay, then.
Okay, then.
You fail to use your ability.
The white ugly thing tail-slaps you but does no damage.
You fail to use your ability.
The brown ugly thing seems to regain its courage.
The white ugly thing tail-slaps you! The white ugly thing freezes you!
* * * LOW HITPOINT WARNING * * *
The glowing orange brain blinks!
The brown ugly thing gurgles horribly!
You feel better.
The white ugly thing seems to regain its courage.
The white ugly thing tail-slaps you but does no damage.
The white ugly thing tail-slaps you but does no damage.
Okay, then.
The glowing orange brain is no longer moving slowly.
You see here a +6 ring of strength.
As you read the scroll of fear, it crumbles to dust.
You assume a fearsome visage.
The brown ugly thing looks frightened!
The white ugly thing easily resists.
The glowing orange brain looks frightened!
The brown ugly thing basks in the mutagenic energy from its kin and changes!
The glowing orange brain blinks!
F - a +6 ring of strength The white ugly thing looks more healthy.
The glowing orange brain blinks!
The glowing orange brain pulsates.
Something tries to feed on your intellect!
The glowing orange brain blinks!
You see here a +2 shortbow of freezing.
Press: ? - help, v - describe, . - travel, g - get item
Here: a white ugly thing (moderately wounded, wandering, hasn't noticed you) Item here: a scroll labelled OMUTAJ NUALIE.
The floor.
Drop what? 52/52 slots (_ for help) (? for menu, Esc to quit)
You drop a +0 helmet.
The white ugly thing tail-slaps you!
* * * LOW HITPOINT WARNING * * *
The white ugly thing freezes you!!
You die...

##≈....#©.........©#.
#≈≈..8.#.8.8.8.8.8.#.
##≈....#©.........©#.
##.#########.#######
##≈.#.##...§#.###....
#≈≈.#..##..##.### ##
#≈.#...#G###.#z#
##.#©##.##.###zzzz..
##≈.###G#...#.#z##..#
#≈≈.##§u##..#.#.# .#
##≈.#.@u©##.#.#.? #
##.#########.####
#≈................
#≈≈≈#≈≈≈#..∩.8.∩..#≈
##≈###≈###...... ##
### #### ... ©.


You could see 2 ugly things and 2 glowing orange brains.

Vanquished Creatures
  4 two-headed ogres
  Pikel (D:5)
  An ugly thing (D:8)
  2 centaur zombies (D:10)
  A troll (D:9)
  Grinder (D:3)
  Prince Ribbit (D:6)
  3 wraiths
  Sigmund (D:3)
  2 wyverns
  Eustachio (D:6)
  3 steam dragons
  A water moccasin (D:7)
  A sky beast (D:7)
  An ice beast (D:7)
  2 black bears (D:6)
  An ogre (D:7)
  7 centaurs
  A phantom (D:7)
  Blork the orc (D:4)
  8 kobold brigands
  2 bullfrogs
  2 scorpions
  10 killer bees (D:9)
  4 wights (D:8)
  5 electric eels (D:8)
  4 orc priests
  3 hounds
  4 bullfrog skeletons (D:6)
  Crazy Yiuf (D:5)
  2 gnoll shamans
  A centaur skeleton (D:7)
  Natasha (twice) (D:2 D:1)
  An iguana (D:4)
  6 orc wizards
  A killer bee zombie (D:8)
  14 adders
  8 gnolls
  4 river rats
  A shadow imp (D:8)
  2 white imps (Gauntlet)
  4 ufetubi (Gauntlet)
  An adder skeleton (D:4)
  11 worms
  5 dart slugs
  16 orcs
  7 ball pythons
  10 endoplasms
  4 giant cockroaches
  6 goblins
  9 hobgoblins
  4 jackals (D:4)
  7 quokkas
  7 bats
  2 frilled lizards
  12 kobolds
  A quokka skeleton (D:4)
  15 rats
242 creatures vanquished.

Vanquished Creatures (others)
  A bullfrog (D:7)
  A gnoll (D:7)
  3 fungi (D:1)
  13 plants
18 creatures vanquished.

Grand Total: 260 creatures vanquished

Notes
Turn   | Place    | Note
-------+----------+-------------------------------------------
     0 | D:1      | grimtooth the Gargoyle Gladiator began the quest for the
                  | Orb.
     0 | D:1      | Reached XP level 1. HP: 12/12 MP: 1/1
   181 | D:1      | Found a faded altar of an unknown god.
   194 | D:1      | Reached XP level 2. HP: 17/17 MP: 2/2
   583 | D:1      | Reached skill level 4 in Maces & Flails
   719 | D:1      | Reached XP level 3. HP: 15/21 MP: 3/3
   834 | D:2      | Noticed Natasha
  1071 | D:2      | Killed Natasha
  1072 | D:2      | Reached XP level 4. HP: 16/26 MP: 4/4
  1146 | D:2      | Noticed Natasha
  1213 | D:1      | Killed Natasha
  1214 | D:1      | Reached skill level 5 in Maces & Flails
  1653 | D:2      | Reached XP level 5. HP: 28/30 MP: 5/5
  2108 | D:3      | Noticed Sigmund
  2156 | D:3      | Found a runed translucent door.
  2238 | D:3      | Reached skill level 6 in Maces & Flails
  2393 | D:3      | Noticed fishdoom's ghost (weakling DsFE)
  2508 | D:4      | Found Tugojor's Distillery.
  2624 | D:4      | Found Hout's Overcharged Wands.
  2676 | D:4      | Reached XP level 6. HP: 12/35 MP: 6/6
  2774 | D:4      | Noticed Blork the orc
  2785 | D:4      | Killed Blork the orc
  2786 | D:4      | - where is this danged portal
  2804 | D:4      | - ah
  2917 | D:4      | Found a glowing drain.
  2924 | Sewer    | Entered a sewer
  3095 | Sewer    | Reached skill level 7 in Maces & Flails
  3108 | Sewer    | Reached XP level 7. HP: 15/40 MP: 7/7
  3515 | Sewer    | Reached skill level 8 in Maces & Flails
  3837 | Sewer    | - oh youre kidding me...
  3840 | Sewer    | Reached skill level 9 in Maces & Flails
  3840 | Sewer    | Reached XP level 8. HP: 11/45 MP: 8/8
  4114 | D:4      | Reached skill level 1 in Stealth
  4184 | D:4      | Found an ornate altar of the Wu Jian Council.
  4244 | D:4      | Found a radiant altar of Vehumet.
  4259 | D:4      | Found a shadowy altar of Dithmenos.
  4494 | D:4      | Bought a potion of heal wounds for 70 gold pieces
  4494 | D:4      | Bought a potion of curing for 42 gold pieces
  4629 | D:3      | Killed Sigmund
  4993 | D:3      | Noticed Grinder
  5029 | D:3      | Found a snail-covered altar of Cheibriados.
  5174 | D:5      | Entered Level 5 of the Dungeon
  5178 | D:5      | Noticed Pikel
  5195 | D:5      | Killed Pikel
  5391 | D:5      | Found Hiyhona's Weapon Shop.
  5622 | D:5      | Found a runed translucent door.
  5637 | D:5      | Noticed Crazy Yiuf
  5642 | D:5      | Killed Crazy Yiuf
  5686 | D:5      | Found Virhavy's Assorted Antiques.
  5700 | D:5      | Bought a scroll labelled IFOUNI KIRGH for 32 gold pieces
  5701 | D:5      | Bought a bubbling yellow potion for 28 gold pieces
  5836 | D:5      | Found an ancient bone altar of Kikubaaqudgha.
  5894 | D:5      | Reached XP level 9. HP: 47/55 MP: 9/9
  5897 | D:5      | Reached skill level 5 in Stealth
  5911 | D:5      | Found Molie's Antique Armour Shop.
  6020 | D:5      | Found Coxzorry's Magic Scroll Boutique.
  6522 | D:6      | Noticed Eustachio
  6534 | D:6      | Killed Eustachio
  6666 | D:6      | Noticed Prince Ribbit
  6684 | D:6      | Killed Prince Ribbit
  6910 | D:6      | Reached skill level 5 in Throwing
  7559 | D:6      | Found a staircase to the Ecumenical Temple.
  7577 | Temple   | Entered the Ecumenical Temple
  7595 | Temple   | - lugonu you jerk
  8200 | D:7      | Found a burning altar of Makhleb.
  8219 | D:7      | Became a worshipper of Makhleb the Destroyer
  8290 | D:7      | Reached XP level 10. HP: 40/63 MP: 10/10
  8563 | D:7      | Found a sacrificial altar of Ru.
  8720 | D:7      | Reached skill level 10 in Maces & Flails
  8968 | D:7      | Found a shimmering blue altar of Sif Muna.
  9111 | D:5      | Bought a scroll labelled LAOQYVOOTU for 32 gold pieces
  9111 | D:5      | Bought a scroll labelled PAOLUPR MOGRA for 32 gold pieces
  9111 | D:5      | Bought a scroll labelled XOEREN KEZIPLU for 32 gold pieces
  9175 | D:5      | Bought 2 scrolls of identify for 44 gold pieces
  9175 | D:5      | Bought a scroll of fog for 22 gold pieces
  9381 | D:8      | Found Faumoc's Antique Weapon Shop.
  9382 | D:8      | Noticed a white ugly thing
  9436 | D:8      | Reached skill level 1 in Armour
  9744 | D:8      | Found a broken altar of Ashenzari.
  9751 | D:8      | You are sucked into a shaft and drop 2 floors!
  9751 | D:10     | Entered Level 10 of the Dungeon
  9919 | D:8      | Killed a white ugly thing
  9919 | D:8      | Reached * piety under Makhleb
 10306 | D:3      | Paralysed by Grinder for 5 turns
 10326 | D:3      | Killed Grinder
 10438 | D:5      | Bought a scroll of identify for 22 gold pieces
 10438 | D:5      | Bought a scroll of identify for 22 gold pieces
 10438 | D:5      | Bought a scroll of identify for 22 gold pieces
 10514 | D:9      | Noticed a two-headed ogre
 10555 | D:9      | Killed a two-headed ogre
 10556 | D:9      | Reached skill level 11 in Maces & Flails
 10900 | D:9      | Identified the +5 short sword of the Five Mouths {protect,
                  | Int+5 Dex-3}
 10903 | D:9      | Found a bloodstained altar of Trog.
 11015 | D:9      | Reached skill level 5 in Armour
 11515 | D:9      | Found a hide-covered altar of Uskayaw.
 11561 | D:9      | Found a huge runed translucent gate.
 11561 | D:9      | Found a huge runed translucent gate.
 11562 | D:9      | Found a huge runed translucent gate.
 11563 | D:9      | Found a huge runed translucent gate.
 11644 | D:9      | Reached XP level 11. HP: 67/68 MP: 11/11
 11712 | D:9      | Noticed a two-headed ogre
 11759 | D:9      | Killed a two-headed ogre
 12249 | D:10     | Noticed a two-headed ogre
 12559 | D:10     | Killed a two-headed ogre
 12560 | D:10     | Reached skill level 12 in Maces & Flails
 12698 | D:10     | Found a stormy altar of Qazlal.
 12700 | D:10     | Found a basalt altar of Yredelemnul.
 12700 | D:10     | Found a hazy altar of Hepliaklqana.
 12701 | D:10     | Found an opulent altar of Gozag.
 12775 | D:10     | Noticed a two-headed ogre
 12793 | D:10     | Killed a two-headed ogre
 12793 | D:10     | Reached ** piety under Makhleb
 12888 | D:10     | Identified a scroll of acquirement
 12932 | D:11     | Reached skill level 1 in Invocations
 12933 | D:11     | - now look at that...
 12933 | D:11     | - sealed pocket and only a hatch out
 12939 | D:11     | Found a frozen archway.
 12941 | D:11     | - argh I should do gauntlet
 12993 | D:11     | Found a gate leading to a gauntlet.
 13000 | Gauntlet | Entered a Gauntlet
 13000 | Gauntlet | Found a transporter.
 13000 | Gauntlet | Found a transporter.
 13002 | Gauntlet | Found a transporter.
 13002 | Gauntlet | Found a transporter.
 13006 | Gauntlet | Found a transporter.
 13006 | Gauntlet | Found a transporter.
 13008 | Gauntlet | Noticed a sixfirhy
 13099 | Gauntlet | Found the +2 hat of the Bear Spirit {Spirit, +Rage rN+
                  | Will++}
 13100 | Gauntlet | Found a transporter.
 13100 | Gauntlet | Found a transporter.
 13109 | Gauntlet | Found a transporter.
 13110 | Gauntlet | Noticed a brown ugly thing
 13110 | Gauntlet | Noticed a white ugly thing
 13115 | Gauntlet | Noticed a glowing orange brain
 13139 | Gauntlet | Noticed a glowing orange brain
 13141 | Gauntlet | Found a transporter.
 13144 | Gauntlet | Found a transporter.
 13195 | Gauntlet | Mangled by a white ugly thing

Illustrated notes ..# ##.....##..######.# ..#######.###.††.## ... ###.......# #.#### #.. ###.#########....# .h (...# ####...##.## ....# ##....####).# ###.###..#### ##.## # ........#########..##.# ...............###....### .######..#####...........# .# ##........@####.##.# .# #########)# ...# .# ####(#..#... .# #...†..or..S <# #...?....... .# ###########. .# ## Turn 2786 on D:4: - where is this danged portal #.#########....# .h ..# ####...##.## ..# ##....####).# #.###..#### ##.## # ......#########..##.# .............###....### #####..#####...........# ##.........####.##.# #########)##...##.. ####†#..#..... #...†.@......r #............. ###########... . Turn 2804 on D:4: - ah .≈†≈≈###≈≈..≈≈≈.####≈..≈..≈####.≈ ###### #≈≈≈≈≈≈≈.# ##..≈≈≈.≈## #.≈ .≈≈≈≈###≈≈≈...≈####≈≈.≈≈≈.≈≈####. ####.≈≈.≈########..≈.≈≈.≈≈.≈≈≈### .≈≈≈)##### #≈≈≈.≈#####.≈≈≈.# ###### #.≈≈.## ##≈.≈≈# #...## ##≈≈≈# #≈.≈# #≈≈.# #≈≈.# #.≈.# ##.≈≈## ##≈≈≈## #K@≈≈≈# #≈≈≈≈.# #K###.# #≈###≈# #≈# ≈# #)# #≈# #≈# ≈# ##†###≈# ≈≈. ≈. #≈≈≈#≈≈≈ (#≈ #≈#≈#≈#≈ #( ≈# #≈#≈#≈#≈ #( K# #≈#≈#≈#≈ #. .# #.#.#.#. ######## Turn 3837 on Sewer: - oh youre kidding me... ##### ##._.## #≈....# #_.⌠._# #..§§.# #.§≈# #### #...# ##._.###...######### #.......§§..≈.≈...P# #_≈⌠#_..§≈§....≈..<# # #@.....§..≈..#.P# #._≈###§..######### ##### #...# #._.# #.....# #_.⌠≈_# #.....# ###_.## Turn 7595 on Temple: - lugonu you jerk *****,**,*,,,,,,***,,,,,*,,****+* ,,,,,,**,**,,,,** *,,,,,*,,,**,,* ********,*****,* *,,,,**,,,**,,* ,,,,,,**,* #.* *,,,,***,,**,,* *****,**,* #.* **,,,** *,,**,,* ,** *,**,*####.##*,,,,****,,**,,* ,,* *,,,,,,......,,,,***,**,***** ,** ***,,,,,....#**,,* *,**,**,,+ ,* *,,,***#..# *,,***,**,**,** ,* *****###.)###.#**,,,*,**,** ,* #..)<@)..# *,,,,,**,** ,* #.#).#...# *,,,,≈**,** ,* *,#..#...# *,,,≈≈**,** ,* *....#.^.# *,,≈≈≈**,*, ** #..###..## *,≈≈≈≈,*,*, #..***..# *,≈≈≈≈**,*, #..,,,..# *,≈≈≈≈**,*, ##.***.## *,≈≈≈≈**,*, *,* *,* **≈,*****+*, *,* *,* *,≈≈*,,,,,*, *,***,* **,≈≈*,,,,,*, Turn 12933 on D:11: - now look at that...

***** *,,,,,,,****,, *,,,*
*,,,,,,,,* *,, ****
***,*,*****,,,,,,,** *,, ,,,*
**,..(......,,,,,,,,***,,
**,******,,*.∩.#...**,,,,,,,,**,,
,,,,,,,,,,,,,......**,,,,,,,,**,,
,,*****,**,*,#....,**,,,,,,,***,,
,,*****,**,*,,....***,,,,,*,,****
,,,,,,,,**,**,,..#* *,,,,,*,,,**,
,,********,****#.# *,,,,**,,,**,
,,,,,,,,**,* #@# *,,.,***,,**,
,******,**,* #.# **...** *,,**,
,*,** *,*#.#####.###....****,,**,
,,,,* *,,..............#**,**,***
**,** ***.........###[.# *,**,**,
**,* *...####..# *,,***,**,**,
**,* *##**###.)###.#**,,,*,**,
**,* #..)<.)..# *,,,,,**, **,*
#.#).#...# *,,,,≈**, **,*
#.#..#...# *,,,≈≈**, ,,,*
#....#.^.# *,,≈≈≈**,


Turn 12941 on D:11: - argh I should do gauntlet

Levels and vault maps discovered:
D:1:      lightli_arrival_quake, layout_rooms, dreamdust_ecumenical_altar_grove
D:2:      minmay_spotlight, layout_rooms, uniq_natasha
D:3:      layout_basic, cheibriados_altar_1, ebering_ghost_sewer_d,
          minmay_pentomino_pile, uniq_sigmund, uniq_grinder
D:4:      layout_rooms, nzn_wu_jian_contemplation,
          mainiacjoe_overflow_large_starburst, lightli_sewer_entry_pipes,
          serial_shops, shop, nicolae_shop_overcharged_wands, uniq_blork_the_orc
D:5:      layout_loops_corners, mainiacjoe_overflow_alcove_1, serial_shops,
          nicolae_diamond_shop, nicolae_shop_overgrown_old_shop, shop,
          nicolae_take_the_stairs, uniq_crazy_yiuf_cottage, uniq_pikel
D:6:      layout_basic, minmay_temple_entry_trees, minivault_4, uniq_eustachio,
          uniq_prince_ribbit1
D:7:      layout_cave_pools, mainiacjoe_overflow_alcove_2,
          mainiacjoe_overflow_24_doors, nicolae_ru_path_of_blood
D:8:      layout_rooms, old_standard_altar, serial_bayou, serial_bayou_pond_c,
          serial_bayou_shore_b, serial_bayou_lake_a, serial_bayou_shore_a,
          serial_shops, nicolae_shop_statue_plus
D:9:      lemuel_bear_cage, layout_layer_cave, mainiacjoe_overflow_tiny_flanked,
          mainiacjoe_overflow_surrounded_room, dk_noncrumbling_2,
          eino_curves_03, kennysheep_generic_room_3
D:10:     layout_rooms, chequers_temple_overflow_statue_of_worship
D:11:     giant_chief_lemuel, layout_loops_ring, david_lair_shrubbed,
          portal_ice_cave_entry_pillars_1, gauntlet_entry_generic
Temple:   corrupted_temple
Gauntlet: minmay_gauntlet_77_indecision [minmay_gauntlet_arena_77_block_sizes,
          minmay_gauntlet_arena_77_squiggly,
          minmay_gauntlet_arena_77_tiled_triplets,
          minmay_gauntlet_arena_77_mess, minmay_gauntlet_arena_77_p_blocks,
          minmay_gauntlet_arena_77_fan, gauntlet_exit_hidden_loot]

Skill      XL: |  1  2  3  4  5  6  7  8  9 10 11 |
---------------+----------------------------------+-----
Maces & Flails | 4 5 6 7 9 11 12 | 12.0
Throwing       | 2 3 6 |  6.0
Stealth        | 4 6 |  6.0
Fighting       | 6 7 8 |  8.5
Armour         | 5 8 |  8.2
Invocations    | 1 |  1.2
Dodging        | |  2.4

Action                   |  1- 3 |  4- 6 |  7- 9 | 10-12 || total
-------------------------+-------+-------+-------+-------++-------
Melee: Flail             |    69 |   244 |   124 |       ||   437
       Whip              |       |       |   325 |   433 ||   758
Throw: Stone             |    28 |    63 |       |    20 ||   111
       Throwing net      |     3 |       |     3 |     1 ||     7
       Dart              |       |    24 |    61 |    89 ||   174
       Boomerang         |       |       |       |    33 ||    33
Evoke: Wand              |       |     3 |    17 |     6 ||    26
  Use: Potion            |       |     4 |     3 |     2 ||     9
       Scroll            |       |       |    11 |    10 ||    21
 Stab: Sleeping          |       |       |     5 |     2 ||     7
       Distracted        |       |       |     1 |       ||     1
       Held in net/web   |       |       |     1 |       ||     1
Armor: Leather armour    |    33 |   103 |       |       ||   136
       Robe              |       |    10 |   121 |     8 ||   139
       Steam dragon scal |       |       |       |   171 ||   171
       Skin              |       |       |       |     4 ||     4
Dodge: Dodged            |    38 |   171 |   181 |   206 ||   596
